 Dungeon Crawl Stone Soup version 0.29.1-15-g9cfb28693d (webtiles) character file.

Game seed: 14649243203998149716

6657 croobank the Cleaver (level 11, -7/72 HPs)
             Began as an Octopode Delver on Feb 27, 2023.
             Was an Initiate of Gozag.
             Killed by the air
             ... invoked by Gastronok
              (38 damage)
             ... on level 8 of the Dungeon.
             The game lasted 00:20:49 (8804 turns).

croobank the Cleaver (Octopode Delver)              Turns: 8804, Time: 00:20:49

Health: -7/72      AC:  1    Str: 11    XL:     11   Next: 3%
Magic:  17/17      EV: 19    Int: 17    God:    Gozag
Gold:   1238       SH:  0    Dex: 14    Spells: 14/18 levels left

rFire   . . .      SeeInvis .   K - +0 broad axe (drain)
rCold   . . .      Faith    .   (no shield)
rNeg    . . .      Spirit   .   (helmet restricted)
rPois   .          Reflect  .   (no amulet)
rElec   .          Harm     .   m - +4 ring of evasion
rCorr   .          Rampage  .   o - ring of willpower
Will    +....                   t - ring of wizardry
Stlth   +++++.....              (no ring)
HPRegen 0.22/turn               (no ring)
MPRegen 0.15/turn               (no ring)
                                (no ring)
                                (no ring)

@: no status effects
A: almost no armour, amphibious, 8 rings, camouflage 1, gelatinous body 1,
(nimble swimmer 1), tentacles
a: Renounce Religion, Potion Petition, Call Merchant, Bribe Branch


You were on level 8 of the Dungeon.
You worshipped Gozag.
Gozag was most pleased with you.
You visited 2 branches of the dungeon, and saw 9 of its levels.

You collected 1276 gold pieces.
You paid 38 gold pieces to Gozag.

Inventory:

Hand Weapons
 a - a +0 hand axe
 f - a +0 dagger
 n - a +4 vampiric spear
 q - a +0 vorpal long sword
 I - a +0 arbalest
 K - a +0 broad axe of draining (weapon)
Missiles
 r - 18 poisoned darts (quivered)
 F - 2 boomerangs
 G - 2 curare-tipped darts
Magical Staves
 e - a staff of fire
 x - a staff of poison
Jewellery
 m - a +4 ring of evasion (left tentacle)
 o - a ring of willpower (right tentacle)
 t - a ring of wizardry (on tentacle)
 y - a ring of ice
 J - a ring of fire
Wands
 s - a wand of flame (16)
 v - a wand of digging (6)
 B - a wand of polymorph (12)
Scrolls
 b - a scroll of fog
 d - 3 scrolls of teleportation
 j - 2 scrolls of butterflies
 w - 2 scrolls of magic mapping
 D - 2 scrolls of acquirement {unknown}
Potions
 g - a potion of brilliance
 h - 2 potions of mutation
 i - a potion of cancellation
 l - 3 potions of invisibility
 u - a potion of berserk rage
 z - 3 potions of curing
 A - a potion of haste
 E - 2 potions of magic
 H - a potion of lignification {unknown}


   Skills:
 + Level 5.5 Fighting
 * Level 12.2(12.4) Axes
 - Level 3.2(8.5) Polearms
 + Level 5.0 Dodging
 + Level 9.3 Stealth
 * Level 4.4 Spellcasting
 * Level 5.0 Transmutations
 * Level 4.9 Earth Magic


You had 14 spell levels left.
You knew the following spells:

 Your Spells              Type           Power      Damage    Failure   Level
a - Petrify               Tmut/Erth      20%        N/A       9%          4

Your spell library contained the following spells:

 Spells                   Type           Power      Damage    Failure   Level
 Sandblast                Erth           40%        2d10      1%          1
 Passwall                 Tmut/Erth      16%        N/A       1%          2
 Stone Arrow              Conj/Erth      24%        3d8       7%          3
 Gell's Gravitas          Tloc           3%         N/A       17%         3
 Lesser Beckoning         Tloc           3%         N/A       17%         3
 Teleport Other           Tloc           3%         N/A       17%         3
 Statue Form              Tmut/Erth      13%        N/A       73%         6
 Metabolic Englaciation   Hex/Ice        1%         N/A       82%         5


Dungeon Overview and Level Annotations

Branches:
Dungeon (8/15)             Temple (1/1) D:6
   Lair: D:8-11

Altars:
Cheibriados
Dithmenos
Fedhas
Gozag
Hepliaklqana
Kikubaaqudgha
Makhleb
Nemelex Xobeh
Ru
Uskayaw
Vehumet
Xom
Yredelemnul
The Shining One

Shops:
D:7 *

Annotations:
D:8 Gastronok


Innate Abilities, Weirdness & Mutations

You cannot wear most types of armour.
You are amphibious.
You can wear up to eight rings at the same time.
Your skin changes colour to match your surroundings (Stealth+).
Your rubbery body absorbs attacks. (AC +1, EV +1)
((You are camouflaged when in or above water. (Stealth+)))
You have tentacles for arms and can constrict up to eight enemies at once.


Message History

The grasping roots constrict Gastronok!
The roots release their grip on Gastronok.
Gastronok bites you!!!
Ouch! That really hurt!
* * * LOW HITPOINT WARNING * * *
Aiming: Fastroot
Press: ? - help, Shift-Dir - straight line, f/p - Gastronok
Aim: Gastronok, wearing a +1 hat (heavily wounded)
The roots erupt in riotous growth!
Roots grab Gastronok.
The grasping roots constrict Gastronok!
You feel much better.
The grasping roots constrict Gastronok!
The roots release their grip on Gastronok.
Gastronok bites you!
Aiming: Fastroot
Press: ? - help, Shift-Dir - straight line, f/p - Gastronok
Aim: Gastronok, wearing a +1 hat (heavily wounded)
The roots erupt in riotous growth!
Roots grab Gastronok.
The grasping roots constrict Gastronok.
You slash Gastronok! You drain Gastronok.
Gastronok is severely wounded.
The grasping roots constrict Gastronok!
Gastronok casts a spell.
Gastronok puts on a burst of speed!
You hit Gastronok. You squeeze Gastronok.
Gastronok is severely wounded.
The grasping roots constrict Gastronok!
The roots release their grip on Gastronok.
Aiming: Fastroot
Press: ? - help, Shift-Dir - straight line, f/p - Gastronok
Aim: Gastronok, wearing a +1 hat (severely wounded, covering ground quickly, lightly drained)
The roots erupt in riotous growth!
Roots grab Gastronok.
The now-empty wand crumbles to dust.
The grasping roots constrict Gastronok.
Gastronok waves his eye-stalks in wide circles.
The air twists around and strikes you!!!
Ouch! That really hurt!
You die...
Your body crumbles into a pile of gold.

### ##########....
#.............
####..<..>.......
..........@w......
..................
..................
......#......#....
$......#......#
...
............... ..
................ .
......#........


You could see Gastronok (swift, rooted, drained).

Vanquished Creatures
  Pikel (D:5)
  Maggie (D:7)
  Prince Ribbit (D:7)
  2 wyverns
  A fire bat (D:7)
  2 steam dragons (D:7)
  Menkaure (D:7)
  Duvessa (D:7)
  A black bear (D:6)
  A centaur (D:4)
  2 ogres (D:6)
  A phantom (D:5)
  A lemure (D:5)
  2 bullfrogs (D:6)
  A necrophage (D:5)
  4 scorpions
  A wight (D:6)
  Dowan (D:7)
  A howler monkey (D:5)
  A hound (D:4)
  An orc priest (D:6)
  4 iguanas
  Natasha (thrice) (D:3)
  An orc wizard (D:6)
  13 adders
  6 gnolls
  A shadow imp (D:6)
  A white imp (D:6)
  2 worms (D:2)
  8 orcs
  11 ball pythons
  2 bats
  7 endoplasms
  A giant cockroach (D:4)
  9 goblins
  6 hobgoblins
  4 jackals (D:2)
  5 quokkas
  A frilled lizard (D:1)
  7 kobolds
  3 rats
123 creatures vanquished.

Notes
Turn   | Place    | Note
-------+----------+-------------------------------------------
     0 | D:5      | croobank the Octopode Delver began the quest for the Orb.
     0 | D:5      | Reached XP level 1. HP: 16/16 MP: 1/1
    84 | D:6      | Reached XP level 2. HP: 14/21 MP: 2/2
   203 | D:6      | Found a staircase to the Ecumenical Temple.
   212 | Temple   | Entered the Ecumenical Temple
   273 | D:5      | Noticed a lemure
   274 | D:5      | Noticed a lemure
   274 | D:5      | Noticed a lemure
   281 | D:5      | Noticed a lemure
   282 | D:5      | Noticed Pikel
   326 | Temple   | Became a worshipper of Gozag Ym Sagoz the Greedy
   408 | D:6      | Noticed a scorpion
   410 | D:6      | Killed a scorpion
   411 | D:6      | Reached XP level 3. HP: 26/26 MP: 3/3
   411 | D:6      | Reached XP level 4. HP: 31/31 MP: 4/4
   754 | D:5      | Reached skill level 3 in Axes
   754 | D:5      | Reached XP level 5. HP: 7/37 MP: 5/5
  1100 | D:4      | Noticed a centaur
  1111 | D:4      | Killed a centaur
  1266 | D:4      | Reached XP level 6. HP: 43/43 MP: 6/6
  1296 | D:3      | Learned a level 4 spell: Petrify
  1339 | D:3      | Found a basalt altar of Yredelemnul.
  2118 | D:1      | Found a faded altar of an unknown god.
  3369 | D:3      | Reached skill level 1 in Transmutations
  3394 | D:3      | Reached skill level 1 in Earth Magic
  3452 | D:3      | Reached skill level 1 in Spellcasting
  3845 | D:3      | Found a radiant altar of Vehumet.
  3883 | D:3      | Noticed Natasha
  3887 | D:3      | Killed Natasha
  3888 | D:3      | Reached XP level 7. HP: 26/48 MP: 8/8
  4099 | D:3      | Noticed Natasha
  4118 | D:3      | Killed Natasha
  4400 | D:3      | Noticed Natasha
  4405 | D:3      | Killed Natasha
  5332 | D:5      | Reached skill level 4 in Axes
  5587 | D:5      | Killed Pikel
  5588 | D:5      | Reached skill level 1 in Polearms
  5588 | D:5      | Reached XP level 8. HP: 48/54 MP: 9/11
  6559 | D:6      | Reached skill level 5 in Axes
  6653 | D:6      | Reached XP level 9. HP: 47/60 MP: 13/13
  6744 | D:6      | Reached skill level 5 in Fighting
  7534 | D:7      | Noticed Dowan
  7534 | D:7      | Noticed Prince Ribbit
  7545 | D:7      | Noticed Duvessa
  7550 | D:7      | Killed Dowan
  7552 | D:7      | Killed Prince Ribbit
  7557 | D:7      | Killed Duvessa
  7750 | D:7      | Noticed Maggie
  7760 | D:7      | Killed Maggie
  7761 | D:7      | Reached skill level 6 in Axes
  7786 | D:7      | Noticed Menkaure
  7795 | D:7      | Killed Menkaure
  8016 | D:7      | Found Ximueke's Overcharged Wands.
  8035 | D:7      | Reached skill level 5 in Dodging
  8050 | D:7      | Reached skill level 5 in Transmutations
  8050 | D:7      | Reached XP level 10. HP: 24/66 MP: 16/16
  8538 | D:7      | Reached skill level 12 in Axes
  8538 | D:7      | Reached XP level 11. HP: 72/72 MP: 17/17
  8789 | D:8      | Noticed Gastronok
  8804 | D:8      | Killed from afar by Gastronok

Illustrated notes

Levels and vault maps discovered:
D:1:      ebering_hopf_link, layout_basic, basic_ecumenical_altar,
          serial_aquarium, aquarium_bridge_long_separate
          [aquarium_subvault_bridge, aquarium_subvault_wall,
          aquarium_subvault_wall, aquarium_subvault_bridge,
          aquarium_subvault_wall, aquarium_subvault_bridge], aquarium_window_1,
          aquarium_window_1, aquarium_window_3, aquarium_view_2c,
          aquarium_balcony_double_1, minmay_misc_feat_rugged
D:2:      layout_basic, kennysheep_generic_room_11
D:3:      layout_basic, vehumet_altar_wand_db, amcnicky_altar_gilded,
          minmay_snake_closets, uniq_natasha
D:4:      layout_loops_cross, minmay_misc_feat_doors, chequers_arboretum
D:5:      layout_rooms, serial_co_window_serial, co_window_corner_a,
          co_window_of_opportunity_a, co_window_paths_b, co_window_corner_a,
          co_window_paths_a, co_window_paths_b, co_window_cross_1,
          co_window_paths_a, co_window_corner_a, co_window_cross_2,
          co_window_broadway_b, co_window_cross_2, co_window_2corner,
          glass_columns_a, uniq_pikel
D:6:      layout_loops_ring, minmay_temple_entry_junction,
          amcnicky_mini_pool_medium
D:7:      layout_basic, minmay_fountain_box, nicolae_shop_overcharged_wands,
          uniq_maggie, uniq_duvessa, uniq_menkaure, uniq_prince_ribbit1
D:8:      layout_basic, columned_hall_lemuel, minmay_manual_moon,
          uniq_gastronok, uniq_amaemon
Temple:   compressed_dpeg_triangle_lava_temple

Skill      XL: |  1  2  3  4  5  6  7  8  9 10 |
---------------+-------------------------------+-----
Stealth        | 7 8 9 |  9.3
Axes           | 3 4 5 6 12 | 12.2
Dodging        | 3 4 5 |  5.0
Fighting       | 4 5 |  5.5
Transmutations | 1 2 3 5 |  5.0
Earth Magic    | 1 2 3 4 |  4.9
Spellcasting   | 1 2 3 4 |  4.4
Polearms       | 1 2 3 |  3.2

Action                   |  1- 3 |  4- 6 |  7- 9 | 10-12 || total
-------------------------+-------+-------+-------+-------++-------
Melee: Hand axe          |     4 |    62 |       |       ||    66
       Constrict         |     1 |    29 |    19 |       ||    49
       Tentacles         |       |    20 |    38 |     3 ||    61
       Spear             |       |    87 |   169 |       ||   256
       Dagger            |       |       |     5 |       ||     5
       Punch             |       |       |     1 |       ||     1
       Broad axe         |       |       |       |     6 ||     6
Evoke: Wand              |     2 |     8 |    17 |     5 ||    32
  Use: Scroll            |     1 |    12 |     2 |     4 ||    19
       Potion            |     1 |       |     1 |     2 ||     4
 Stab: Sleeping          |     1 |    40 |    21 |       ||    62
       Distracted        |       |       |     1 |       ||     1
       Invisible         |       |       |    10 |       ||    10
Armor: Skin              |       |     6 |     2 |       ||     8
Dodge: Dodged            |     2 |    70 |    80 |       ||   152
